[Event "50th Ciudad Sevilla 2024"]
[Site "Sevilla"]
[Date "2025.01.13"]
[Round "3.10"]
[White "Ilinca, Felix-Antonio"]
[Black "Saad, Gabriel"]
[Result "1-0"]
[Annotator "ChessBase"]
[ECO "B12"]
[WhiteElo "2440"]
[BlackElo "2148"]
[PlyCount "59"]
[EventDate "2025.01.10"]
[EventType "swiss"]
[EventCountry "ESP"]
[SourceTitle "playchess.com"]
[Source "ChessBase"]
[SourceQuality "1"]
[TimeControl "90+30"]

1. e4 c6 2. d4 d5 3. e5 c5 4. dxc5 e6 5. Bd3 Bxc5 6. Qg4 Ne7 7. Nf3 Nbc6 8. O-O Ng6 9. Re1 O-O 10. Nc3 f5 11. Qg3 Be7 12. Ne2 Kh8 13. Nf4 Nxf4 14. Bxf4 Nb4 15. h4 h6 16. Rad1 Bd7 17. c3 Nxd3 18. Rxd3 Bb5 19. Rdd1 Rc8 20. Qg6 Bd7 21. Bxh6 gxh6 22. Qxh6+ Kg8 23. Qg6+ Kh8 24. Rd3 Bc5 25. Qh6+ Kg8 26. b4 Bb6 27. Nd4 f4 28. Ree3 Kf7 29. Rg3 Ke8 30. Qh5+ 1-0

[Event "50th Ciudad Sevilla 2024"]
[Site "Sevilla"]
[Date "2025.01.13"]
[Round "3.11"]
[White "Hu, Jiani"]
[Black "Druska, Juraj"]
[Result "0-1"]
[Annotator "ChessBase"]
[ECO "B26"]
[WhiteElo "2095"]
[BlackElo "2438"]
[PlyCount "130"]
[EventDate "2025.01.10"]
[EventType "swiss"]
[EventCountry "ESP"]
[SourceTitle "playchess.com"]
[Source "ChessBase"]
[SourceQuality "1"]
[TimeControl "90+30"]

1. e4 c5 2. Nc3 d6 3. g3 g6 4. Bg2 Bg7 5. d3 Nc6 6. Be3 e6 7. Qd2 Rb8 8. Nge2 b5 9. O-O b4 10. Nd1 a5 11. f4 Nge7 12. c3 O-O 13. Nf2 Qb6 14. Rfd1 Ba6 15. g4 d5 16. f5 exf5 17. gxf5 Rfd8 18. Ng3 Ne5 19. cxb4 Qxb4 20. Qxb4 cxb4 21. d4 Nc4 22. Bg5 f6 23. Bf4 Rbc8 24. b3 g5 25. Bc1 Nd6 26. exd5 Ndxf5 27. Nxf5 Nxf5 28. Ne4 Nxd4 29. Rxd4 f5 30. Rd1 fxe4 31. Bxg5 Bxa1 32. Bxd8 Rxd8 33. Rxa1 Bd3 34. Kf2 Rxd5 35. Ke3 Bc2 36. Bf1 Rh5 37. Bc4+ Kg7 38. Rg1+ Kf6 39. Rg2 Rh3+ 40. Kd4 Rc3 41. Re2 Bd3 42. Rf2+ Kg6 43. Bd5 e3 44. Kxe3 Bc4+ 45. Kd4 Bxd5 46. Kxd5 h6 47. Ke4 Rh3 48. Kf4 Kh5 49. Rd2 Kh4 50. Kf5 Rc3 51. Kg6 Rc6+ 52. Kf5 h5 53. Rd5 Rc2 54. Rxa5 Rxh2 55. Kg6 Kg4 56. Ra4 h4 57. Rxb4+ Kg3 58. Kg5 h3 59. Rg4+ Kf3 60. Kh4 Rg2 61. Rc4 h2 62. Rc3+ Kf4 63. Rc4+ Ke5 64. Rc5+ Kd6 65. Rc1 Rg1 0-1

[Event "50th Ciudad Sevilla 2024"]
[Site "Sevilla"]
[Date "2025.01.13"]
[Round "3.12"]
[White "Marin, Mihail"]
[Black "Morais, Miguel Almeida"]
[Result "0-1"]
[Annotator "ChessBase"]
[ECO "D02"]
[WhiteElo "2431"]
[BlackElo "2132"]
[PlyCount "93"]
[EventDate "2025.01.10"]
[EventType "swiss"]
[EventCountry "ESP"]
[SourceTitle "playchess.com"]
[Source "ChessBase"]
[SourceQuality "1"]
[TimeControl "90+30"]

1. d4 d5 2. Nf3 Nf6 3. g3 Bf5 4. Bg2 e6 5. c4 c6 6. Nc3 h6 7. Qb3 Qb6 8. c5 Qxb3 9. axb3 Be7 10. b4 O-O 11. O-O a6 12. h3 Nbd7 13. g4 Bh7 14. Bf4 Ne4 15. Nxe4 Bxe4 16. Nd2 Bxg2 17. Kxg2 Bf6 18. Bd6 Rfe8 19. Nb3 e5 20. dxe5 Nxe5 21. Na5 Nc4 22. Nxb7 Rxe2 23. Ra2 Rxb2 24. Rxb2 Bxb2 25. Rb1 Bf6 26. Na5 Nxd6 27. cxd6 Rd8 28. Rc1 Rxd6 29. Rxc6 Be7 30. Rc8+ Kh7 31. Rc7 Re6 32. Nc6 Bf6 33. f4 Re2+ 34. Kf3 Rc2 35. Rc8 Rc3+ 36. Ke2 Rc4 37. Kf3 Bc3 38. Ne7 Bxb4 39. Rxc4 dxc4 40. Nd5 a5 41. Ke4 Bd2 42. Kd4 c3 43. Kd3 a4 44. f5 a3 45. Nb4 h5 46. g5 g6 47. Kd4 0-1

[Event "50th Ciudad Sevilla 2024"]
[Site "Sevilla"]
[Date "2025.01.13"]
[Round "3.13"]
[White "Pinho, Paulo"]
[Black "Xu, Minghui"]
[Result "0-1"]
[Annotator "ChessBase"]
[ECO "E11"]
[WhiteElo "2093"]
[BlackElo "2428"]
[PlyCount "90"]
[EventDate "2025.01.10"]
[EventType "swiss"]
[EventCountry "ESP"]
[SourceTitle "playchess.com"]
[Source "ChessBase"]
[SourceQuality "1"]
[TimeControl "90+30"]

1. d4 Nf6 2. c4 e6 3. Nf3 d5 4. g3 Bb4+ 5. Bd2 Be7 6. Bg2 O-O 7. O-O c6 8. Qc2 Nbd7 9. Rd1 a5 10. b3 b5 11. Bf4 Ba6 12. Nbd2 Nh5 13. c5 Nxf4 14. gxf4 f5 15. Kh1 Kh8 16. Qd3 Bf6 17. Qe3 Qe8 18. Rg1 h6 19. Bh3 Rg8 20. Rac1 g6 21. Rg3 Kh7 22. Rcg1 Qe7 23. Bf1 b4 24. Rh3 Rae8 25. Ng5+ Kg7 26. Rhg3 hxg5 27. fxg5 Bxd4 28. Qxd4+ e5 29. Qb2 Qxc5 30. e3 Bxf1 31. Nxf1 Qc3 32. Qe2 e4 33. Rh3 Rh8 34. Rh6 Ne5 35. Qa6 Qc5 36. Rxh8 Kxh8 37. Rg3 Kg7 38. Kg2 Rh8 39. Qb7+ Nf7 40. Kg1 Qd6 41. Rg2 c5 42. Ng3 Qe5 43. Qa7 d4 44. Qxa5 d3 45. Nf1 Rd8 0-1

[Event "50th Ciudad Sevilla 2024"]
[Site "Sevilla"]
[Date "2025.01.13"]
[Round "3.14"]
[White "Del Rio De Angelis, Salvador G."]
[Black "Ramon Perez, Jose Luis"]
[Result "1/2-1/2"]
[Annotator "ChessBase"]
[ECO "E61"]
[WhiteElo "2403"]
[BlackElo "2120"]
[PlyCount "86"]
[EventDate "2025.01.10"]
[EventType "swiss"]
[EventCountry "ESP"]
[SourceTitle "playchess.com"]
[Source "ChessBase"]
[SourceQuality "1"]
[TimeControl "90+30"]

1. d4 Nf6 2. c4 g6 3. Nf3 Bg7 4. e3 O-O 5. Be2 d6 6. Nc3 Nbd7 7. O-O e5 8. e4 c6 9. d5 Nc5 10. Qc2 Bg4 11. h3 Bxf3 12. Bxf3 cxd5 13. cxd5 Rc8 14. Qd1 Ne8 15. b4 Nd7 16. Bd2 f5 17. Rc1 Ndf6 18. Qa4 a6 19. b5 Nc7 20. bxa6 Nxa6 21. exf5 gxf5 22. Be2 Nc5 23. Qb5 Ra8 24. Qb1 Nfd7 25. Nb5 Nb6 26. Bb4 Nba4 27. Bd1 b6 28. Rc4 Qd7 29. Nxd6 Qxd6 30. Bxa4 Kh8 31. Bc6 Rab8 32. a4 Qg6 33. Rd1 Rg8 34. d6 e4 35. g3 h5 36. Bd5 Rgd8 37. Rd2 h4 38. g4 Qg5 39. Qd1 Rxd6 40. Bxe4 Rxd2 41. Bxd2 Rd8 42. Bxg5 Rxd1+ 43. Kg2 fxe4 1/2-1/2

[Event "50th Ciudad Sevilla 2024"]
[Site "Sevilla"]
[Date "2025.01.13"]
[Round "3.15"]
[White "Isanzhulov, Arystan"]
[Black "Aeschbacher, Dimitri"]
[Result "1-0"]
[Annotator "ChessBase"]
[ECO "A15"]
[WhiteElo "2397"]
[BlackElo "2095"]
[PlyCount "33"]
[EventDate "2025.01.10"]
[EventType "swiss"]
[EventCountry "ESP"]
[SourceTitle "playchess.com"]
[Source "ChessBase"]
[SourceQuality "1"]
[TimeControl "90+30"]

1. Nf3 Nf6 2. c4 e6 3. e3 b6 4. b3 Bb7 5. Bb2 Be7 6. g3 O-O 7. Bg2 d6 8. O-O e5 9. d4 exd4 10. Nxd4 Bxg2 11. Kxg2 d5 12. Qf3 c6 13. Rd1 Qc7 14. Nf5 dxc4 15. Qf4 Rc8 16. Qg5 g6 17. Nxe7+ 1-0

[Event "50th Ciudad Sevilla 2024"]
[Site "Sevilla"]
[Date "2025.01.13"]
[Round "3.16"]
[White "Kirszenberg, Marc"]
[Black "Matamoros Franco, Carlos S."]
[Result "1/2-1/2"]
[Annotator "ChessBase"]
[ECO "E77"]
[WhiteElo "2089"]
[BlackElo "2394"]
[PlyCount "72"]
[EventDate "2025.01.10"]
[EventType "swiss"]
[EventCountry "ESP"]
[SourceTitle "playchess.com"]
[Source "ChessBase"]
[SourceQuality "1"]
[TimeControl "90+30"]

1. d4 Nf6 2. c4 c5 3. d5 g6 4. Nc3 Bg7 5. e4 d6 6. f4 O-O 7. Nf3 e6 8. Be2 exd5 9. cxd5 Nbd7 10. O-O Re8 11. Nd2 c4 12. Bxc4 Nc5 13. e5 dxe5 14. fxe5 Rxe5 15. Nf3 Bg4 16. Qd4 Re4 17. Nxe4 Nfxe4 18. Qe3 Qb6 19. Kh1 Nd6 20. Qf4 Bxf3 21. Qxf3 Nxc4 22. Qxf7+ Kh8 23. Bg5 Ne5 24. Qe7 Ncd7 25. Rae1 h6 26. Bf4 Nd3 27. Qxd7 Nxe1 28. Rxe1 Rf8 29. Bg3 Qxb2 30. h3 Qc3 31. Kh2 h5 32. Re8 Rxe8 33. Qxe8+ Kh7 34. Qe7 Kg8 35. Qe8+ Kh7 36. Qe7 Kg8 1/2-1/2

[Event "50th Ciudad Sevilla 2024"]
[Site "Sevilla"]
[Date "2025.01.13"]
[Round "3.17"]
[White "Lin, Yingrui"]
[Black "Iturbide Arnedo, Oscar"]
[Result "1-0"]
[Annotator "ChessBase"]
[ECO "A07"]
[WhiteElo "2393"]
[BlackElo "2094"]
[PlyCount "65"]
[EventDate "2025.01.10"]
[EventType "swiss"]
[EventCountry "ESP"]
[SourceTitle "playchess.com"]
[Source "ChessBase"]
[SourceQuality "1"]
[TimeControl "90+30"]

1. Nf3 Nf6 2. g3 d5 3. Bg2 c6 4. O-O Bg4 5. h3 Bh5 6. d4 e6 7. c4 Nbd7 8. cxd5 exd5 9. Ne5 Nxe5 10. dxe5 Ne4 11. Bxe4 dxe4 12. Nc3 Qc8 13. Nxe4 Qxh3 14. Ng5 Qc8 15. e6 f6 16. Nf7 Bxf7 17. exf7+ Kxf7 18. Qb3+ Qe6 19. Qxb7+ Be7 20. Bf4 g5 21. Bc7 h5 22. Rac1 h4 23. Qxc6 Qxa2 24. Rc4 Rae8 25. f4 Qb3 26. Rc3 Qe6 27. fxg5 Qxc6 28. Rxc6 hxg3 29. gxf6 Bb4 30. Bxg3 Rxe2 31. Rd1 Rg8 32. Rd7+ Be7 33. Kf1 1-0

[Event "50th Ciudad Sevilla 2024"]
[Site "Sevilla"]
[Date "2025.01.13"]
[Round "3.18"]
[White "Fondrat, Johan"]
[Black "Song, Yuxin"]
[Result "0-1"]
[Annotator "ChessBase"]
[ECO "B51"]
[WhiteElo "2078"]
[BlackElo "2384"]
[PlyCount "96"]
[EventDate "2025.01.10"]
[EventType "swiss"]
[EventCountry "ESP"]
[SourceTitle "playchess.com"]
[Source "ChessBase"]
[SourceQuality "1"]
[TimeControl "90+30"]

1. e4 c5 2. Nf3 d6 3. Bb5+ Nd7 4. d4 Ngf6 5. e5 Qa5+ 6. Nc3 Ne4 7. Qd3 cxd4 8. e6 dxc3 9. Bxd7+ Bxd7 10. exd7+ Kxd7 11. O-O f5 12. bxc3 g6 13. Rb1 Rb8 14. Rb5 Qc7 15. Bf4 Bg7 16. c4 a6 17. Rb4 Rhc8 18. Rfb1 a5 19. Rb5 Qxc4 20. Rxb7+ Rxb7 21. Rxb7+ Kd8 22. Ng5 Qxa2 23. g3 Nc5 24. Qb5 Nxb7 25. Qxb7 h6 26. Bxd6 Qa1+ 27. Kg2 Qf6 28. Bxe7+ Qxe7 29. Nf7+ Ke8 30. Qxc8+ Kxf7 31. Qc4+ Qe6 32. Qc7+ Kg8 33. Qxa5 Qc6+ 34. Kg1 Qxc2 35. Qd8+ Kh7 36. h4 Qe2 37. Qc7 Qe5 38. Qb6 f4 39. Qb3 Qe1+ 40. Kg2 Qe4+ 41. f3 Qe2+ 42. Kh3 Qf1+ 43. Kg4 fxg3 44. h5 gxh5+ 45. Kxg3 Be5+ 46. f4 Bxf4+ 47. Kh4 Qh1+ 48. Qh3 Bg5+ 0-1

[Event "50th Ciudad Sevilla 2024"]
[Site "Sevilla"]
[Date "2025.01.13"]
[Round "3.19"]
[White "Muzika, Paul"]
[Black "Lohia, Sohum"]
[Result "1/2-1/2"]
[Annotator "ChessBase"]
[ECO "C70"]
[WhiteElo "2070"]
[BlackElo "2367"]
[PlyCount "85"]
[EventDate "2025.01.10"]
[EventType "swiss"]
[EventCountry "ESP"]
[SourceTitle "playchess.com"]
[Source "ChessBase"]
[SourceQuality "1"]
[TimeControl "90+30"]

1. e4 e5 2. Nf3 Nc6 3. Bb5 a6 4. Ba4 Nge7 5. Nc3 Ng6 6. h4 h5 7. d4 Bb4 8. Bg5 f6 9. Be3 exd4 10. Bxd4 b5 11. Bb3 Na5 12. O-O Nxb3 13. axb3 Bb7 14. Nd5 Bd6 15. c3 O-O 16. b4 Ne7 17. Bc5 Bxc5 18. bxc5 Nxd5 19. exd5 Qe7 20. Qd4 Rfe8 21. Rfe1 Qf7 22. Rad1 Qg6 23. Qf4 Rxe1+ 24. Nxe1 Re8 25. Qxc7 Bxd5 26. Rxd5 Rxe1+ 27. Kh2 Re4 28. g3 Re2 29. Qf4 Qf7 30. Rd6 Rxb2 31. Qd4 Qe7 32. Kg2 Re2 33. Rxd7 Qe4+ 34. Qxe4 Rxe4 35. Ra7 Re6 36. Rc7 Re4 37. Rc6 Ra4 38. Rb6 Rc4 39. Rxa6 Rxc5 40. Ra5 Kh7 41. c4 Rxc4 42. Rxb5 Kh6 43. Kh2 1/2-1/2

[Event "50th Ciudad Sevilla 2024"]
[Site "Sevilla"]
[Date "2025.01.13"]
[Round "3.20"]
[White "Olsen, William Alexander"]
[Black "Tahay, Alexis"]
[Result "0-1"]
[Annotator "ChessBase"]
[ECO "B90"]
[WhiteElo "2064"]
[BlackElo "2364"]
[PlyCount "82"]
[EventDate "2025.01.10"]
[EventType "swiss"]
[EventCountry "ESP"]
[SourceTitle "playchess.com"]
[Source "ChessBase"]
[SourceQuality "1"]
[TimeControl "90+30"]

1. e4 c5 2. Nf3 d6 3. d4 cxd4 4. Nxd4 Nf6 5. Nc3 a6 6. Nb3 e6 7. g4 b5 8. a3 Nfd7 9. Bg2 Nc6 10. h4 Bb7 11. f4 Rc8 12. Qe2 Na5 13. Be3 Nc4 14. O-O-O Qc7 15. Rh3 Nxb2 16. Nxb5 Qc4 17. Qxc4 Nxc4 18. N5d4 Nf6 19. Bd2 Bxe4 20. Bxe4 Nxe4 21. Re1 d5 22. Bb4 Bd6 23. f5 e5 24. Nf3 f6 25. Nfd2 Bxb4 26. axb4 Ncxd2 27. Nxd2 Nxd2 28. Kxd2 Rc4 29. Ra1 Rxb4 30. Rxa6 O-O 31. Rg3 h5 32. g5 Kh7 33. Ra7 Rg4 34. Rxg4 hxg4 35. g6+ Kh6 36. Ke3 Rc8 37. Kf2 Rxc2+ 38. Kg3 Rc3+ 39. Kxg4 Rc4+ 40. Kg3 Rf4 41. Ra8 Rxf5 0-1

[Event "50th Ciudad Sevilla 2024"]
[Site "Sevilla"]
[Date "2025.01.13"]
[Round "4.1"]
[White "Song, Yuxin"]
[Black "Xu, Xiangyu"]
[Result "1/2-1/2"]
[Annotator "RC"]
[ECO "C07"]
[WhiteElo "2384"]
[BlackElo "2611"]
[PlyCount "101"]
[EventDate "2025.01.10"]
[EventType "swiss"]
[EventCountry "ESP"]
[SourceTitle "playchess.com"]
[Source "ChessBase"]
[SourceQuality "1"]
[TimeControl "90+30"]

1. e4 e6 2. d4 d5 3. Nd2 c5 4. exd5 Qxd5 5. Ngf3 cxd4 6. Bc4 Qd7 7. O-O Nc6 8. Nb3 a6 9. Nbxd4 Nxd4 10. Nxd4 Qc7 11. Bb3 Bd6 12. h3 Ne7 13. c3 O-O 14. Re1 Bd7 15. Qf3 Rae8 16. Bc2 Nc6 17. Qd3 f5 18. Bb3 Kh8 19. Nxc6 Bxc6 20. Bg5 h6 21. Be3 Rf6 22. Rad1 Bh2+ 23. Kh1 Rg6 24. f3 Bg3 25. Re2 Qe7 26. Bf2 Bc7 27. Qe3 Qf6 28. Bc2 e5 29. a4 Qf7 30. c4 Rf6 31. Qc3 Qh5 32. Bg3 f4 33. Bf2 e4 34. Bd4 Rfe6 35. Bxg7+ Kg8 36. Bh8 R8e7 37. Rde1 e3 38. Bd4 Be5 39. Bxe5 Rxe5 40. Qd4 Bxf3 41. gxf3 Qxh3+ 42. Rh2 Qxf3+ 43. Rg2+ Rg5 44. Ree2 Kf7 45. Kg1 Ree5 46. Qd7+ Re7 47. Qd4 Qxe2 48. Qxf4+ Ke8 49. Qb8+ Kf7 50. Qf4+ Ke8 51. Qb8+ 1/2-1/2

[Event "50th Ciudad Sevilla 2024"]
[Site "Sevilla"]
[Date "2025.01.13"]
[Round "4.2"]
[White "Iturrizaga Bonelli, Eduardo"]
[Black "Lin, Yingrui"]
[Result "1-0"]
[Annotator "RC"]
[ECO "A10"]
[WhiteElo "2574"]
[BlackElo "2393"]
[PlyCount "113"]
[EventDate "2025.01.10"]
[EventType "swiss"]
[EventCountry "ESP"]
[SourceTitle "playchess.com"]
[Source "ChessBase"]
[SourceQuality "1"]
[TimeControl "90+30"]

1. c4 b6 2. b3 Nf6 3. Bb2 e6 4. Nf3 Bb7 5. e3 Be7 6. g3 Na6 7. Bg2 Nc5 8. d4 Nce4 9. O-O O-O 10. Ne5 c5 11. f3 Nd6 12. e4 cxd4 13. Bxd4 Nde8 14. Nd3 d6 15. Nc3 Nd7 16. Rc1 Nc7 17. Bf2 d5 18. cxd5 exd5 19. e5 f6 20. exf6 Nxf6 21. Re1 Ba3 22. Rc2 d4 23. Ne2 Nb5 24. Rc4 Bd5 25. Ra4 Bc5 26. Qd2 Rc8 27. Nef4 a5 28. Nxc5 bxc5 29. Qxa5 Nc3 30. Qxd8 Rfxd8 31. Ra5 Bf7 32. Bh3 Rc7 33. Bf1 g5 34. Nd3 Rd5 35. g4 h5 36. h3 hxg4 37. hxg4 Kg7 38. Ra6 Rdd7 39. Re5 Rd5 40. Bg3 Rc8 41. Ra7 Nb5 42. Ra5 Nc3 43. Rxd5 Bxd5 44. Nxc5 Bxf3 45. Ne6+ Kg6 46. Rxg5+ Kf7 47. Nxd4 Nce4 48. Nxf3 Nxg5 49. Nxg5+ Kg6 50. Nf3 Rc1 51. Ne5+ Kh7 52. Kg2 Rc2+ 53. Kf3 Rxa2 54. Bc4 Kg7 55. Bf2 Rd2 56. Be3 Rd1 57. g5 1-0

[Event "50th Ciudad Sevilla 2024"]
[Site "Sevilla"]
[Date "2025.01.13"]
[Round "4.3"]
[White "Agdestein, Simen"]
[Black "Tahay, Alexis"]
[Result "1-0"]
[Annotator "RC"]
[ECO "E54"]
[WhiteElo "2564"]
[BlackElo "2364"]
[PlyCount "87"]
[EventDate "2025.01.10"]
[EventType "swiss"]
[EventCountry "ESP"]
[SourceTitle "playchess.com"]
[Source "ChessBase"]
[SourceQuality "1"]
[TimeControl "90+30"]

1. d4 Nf6 2. c4 e6 3. Nc3 Bb4 4. e3 O-O 5. Bd3 d5 6. Nf3 dxc4 7. Bxc4 c5 8. O-O cxd4 9. exd4 b6 10. a3 Bxc3 11. bxc3 Qc7 12. Qd3 Bb7 13. Re1 Rc8 14. Nd2 Nc6 15. Ba2 Ne7 16. c4 Ng6 17. f3 Rd8 18. Bb2 Rac8 19. Rac1 Qf4 20. Rc2 e5 21. d5 b5 22. cxb5 Rxc2 23. Qxc2 Rc8 24. Qd1 Bxd5 25. Bxd5 Nxd5 26. Ne4 Ne3 27. Qd3 Rc2 28. Re2 Rxe2 29. Qxe2 Nd5 30. a4 h5 31. a5 Qf5 32. g3 Qd7 33. Qd3 f5 34. Nc3 Nf6 35. Qxd7 Nxd7 36. Nd5 Kf7 37. Ba3 Ngf8 38. a6 Ke6 39. Nc7+ Kf7 40. Bxf8 Kxf8 41. Nd5 Nb8 42. b6 Nc6 43. Nb4 Nxb4 44. bxa7 1-0

[Event "50th Ciudad Sevilla 2024"]
[Site "Sevilla"]
[Date "2025.01.13"]
[Round "4.4"]
[White "Silva Lucena, Cristian"]
[Black "Li, Di"]
[Result "1/2-1/2"]
[Annotator "RC"]
[ECO "B30"]
[WhiteElo "2317"]
[BlackElo "2544"]
[PlyCount "106"]
[EventDate "2025.01.10"]
[EventType "swiss"]
[EventCountry "ESP"]
[SourceTitle "playchess.com"]
[Source "ChessBase"]
[SourceQuality "1"]
[TimeControl "90+30"]

1. e4 c5 2. Nf3 Nc6 3. c3 Nf6 4. e5 Nd5 5. d4 cxd4 6. cxd4 d6 7. Bc4 Nb6 8. Bb5 dxe5 9. Nxe5 Bd7 10. Nxd7 Qxd7 11. O-O e6 12. Nc3 Be7 13. Qg4 Bf6 14. Be3 O-O 15. Rfd1 Nd5 16. Ne4 Kh8 17. Rac1 Rac8 18. Qh3 Be7 19. Nc5 Bxc5 20. dxc5 Rcd8 21. Qg3 Qe7 22. a3 h6 23. h3 Qf6 24. Bxc6 bxc6 25. Bd4 Qg5 26. Qxg5 hxg5 27. Be5 f6 28. Bd6 Rf7 29. Rc4 Rb7 30. Ra4 e5 31. Rd2 Nc7 32. Kf1 Kg8 33. Ke2 Ne6 34. b4 Kf7 35. Ra6 Nd4+ 36. Kd3 Ke6 37. Kc4 Rc8 38. a4 Kf5 39. Rb2 Ke6 40. b5 cxb5+ 41. axb5 Rb6 42. Rxb6 axb6 43. g4 Ra8 44. Bc7 Ra4+ 45. Kc3 bxc5 46. b6 Kd7 47. b7 Nc6 48. b8=Q Nxb8 49. Bxb8 Kc6 50. Kd3 Ra3+ 51. Kc4 Ra4+ 52. Kd3 Ra3+ 53. Kc4 Ra4+ 1/2-1/2

[Event "50th Ciudad Sevilla 2024"]
[Site "Sevilla"]
[Date "2025.01.13"]
[Round "4.5"]
[White "Makhnev, Denis"]
[Black "Pogorelov, Ruslan"]
[Result "1-0"]
[Annotator "RC"]
[ECO "E15"]
[WhiteElo "2532"]
[BlackElo "2266"]
[PlyCount "78"]
[EventDate "2025.01.10"]
[EventType "swiss"]
[EventCountry "ESP"]
[SourceTitle "playchess.com"]
[Source "ChessBase"]
[SourceQuality "1"]
[TimeControl "90+30"]

1. d4 Nf6 2. c4 e6 3. Nf3 b6 4. g3 Ba6 5. Qc2 Bb7 6. Bg2 c5 7. d5 exd5 8. cxd5 Nxd5 9. O-O Nc6 10. Rd1 Be7 11. Qf5 Nf6 12. e4 g6 13. Qf4 O-O 14. e5 Nh5 15. Qc4 Na5 16. Qf1 Qc7 17. Nc3 Bc6 18. Nd5 Bxd5 19. Rxd5 Ng7 20. Bh6 Rad8 21. b4 cxb4 22. Nd4 Qc4 23. Qxc4 Nxc4 24. Rc1 b5 25. Rxb5 Rc8 26. Bb7 Rc7 27. Ba6 Bd8 28. Kg2 Nb6 29. Rxb4 Rxc1 30. Bxc1 Bc7 31. Nb5 Bxe5 32. Nxa7 Ra8 33. Rxb6 Rxa7 34. Be3 Ra8 35. Bc4 Nf5 36. Bg5 Ra7 37. Ra6 Rc7 38. Bd3 Nd4 39. f4 Bg7 1-0

[Event "50th Ciudad Sevilla 2024"]
[Site "Sevilla"]
[Date "2025.01.13"]
[Round "4.6"]
[White "Keleberda, Tymur"]
[Black "Vignesh N R"]
[Result "1/2-1/2"]
[Annotator "RC"]
[ECO "B30"]
[WhiteElo "2265"]
[BlackElo "2523"]
[PlyCount "121"]
[EventDate "2025.01.10"]
[EventType "swiss"]
[EventCountry "ESP"]
[SourceTitle "playchess.com"]
[Source "ChessBase"]
[SourceQuality "1"]
[TimeControl "90+30"]

1. e4 c5 2. Nf3 Nc6 3. Bb5 e6 4. O-O Nge7 5. Re1 Nd4 6. Bf1 Nxf3+ 7. Qxf3 Nc6 8. Na3 Be7 9. c3 O-O 10. Nc2 Ne5 11. Qh5 Ng6 12. d4 cxd4 13. Nxd4 d6 14. Be3 Bd7 15. Rad1 a6 16. g3 b5 17. f4 Re8 18. Rd2 Qc7 19. Bd3 Rad8 20. Nf3 Bc6 21. Ng5 Bxg5 22. Qxg5 Qb7 23. Bf2 d5 24. e5 b4 25. Bd4 bxc3 26. bxc3 Bb5 27. Bc2 Qe7 28. Qh5 Qd7 29. Rf2 Ba4 30. Bd3 Bb5 31. Bb1 Rb8 32. g4 Bc4 33. f5 exf5 34. Bxf5 Qc7 35. e6 fxe6 36. Be5 exf5 37. Bxc7 Rxe1+ 38. Kg2 Rbb1 39. gxf5 Rg1+ 40. Kh3 Rbf1 41. fxg6 hxg6 42. Qf3 d4 43. Bg3 dxc3 44. Qc6 Rxf2 45. Qxc4+ Rf7 46. Qxc3 Rgf1 47. Qc8+ Kh7 48. Qxa6 R1f5 49. Kg4 Rd7 50. Qe6 Rd4+ 51. Kh3 Rh5+ 52. Kg2 Rd2+ 53. Kf3 Ra5 54. Be5 Ra3+ 55. Ke4 Re2+ 56. Kd4 Rexa2 57. Qe7 Ra7 58. Qh4+ Kg8 59. Qd8+ Kh7 60. Qh4+ Kg8 61. Ke4 1/2-1/2

[Event "50th Ciudad Sevilla 2024"]
[Site "Sevilla"]
[Date "2025.01.13"]
[Round "4.7"]
[White "Kvaloy, Aksel Bu"]
[Black "Balabayeva, Xeniya"]
[Result "1-0"]
[Annotator "RC"]
[ECO "E06"]
[WhiteElo "2487"]
[BlackElo "2249"]
[PlyCount "113"]
[EventDate "2025.01.10"]
[EventType "swiss"]
[EventCountry "ESP"]
[SourceTitle "playchess.com"]
[Source "ChessBase"]
[SourceQuality "1"]
[TimeControl "90+30"]

1. d4 d5 2. c4 e6 3. Nf3 Nf6 4. g3 Be7 5. Bg2 O-O 6. O-O c6 7. Qc2 b6 8. Ne5 Bb7 9. Nc3 Nbd7 10. e4 dxc4 11. Nxc4 b5 12. Ne3 Rc8 13. Rd1 Qb6 14. a4 a6 15. b3 Rfd8 16. Bb2 Nf8 17. Ne2 Rd7 18. Nf4 Ng6 19. Nd3 c5 20. dxc5 Bxc5 21. a5 Qc7 22. Nxc5 Qxc5 23. Qxc5 Rxc5 24. Rxd7 Nxd7 25. Rd1 Ngf8 26. Kf1 f6 27. Ke2 Kf7 28. h4 Rc8 29. b4 Nb8 30. f4 Ke7 31. Bf3 Rc7 32. h5 Nc6 33. g4 Rd7 34. e5 h6 35. exf6+ gxf6 36. Rxd7+ Nxd7 37. g5 Nd8 38. Bxb7 Nxb7 39. Ng4 fxg5 40. fxg5 hxg5 41. h6 Nf8 42. Nf6 Kd6 43. Ke3 Nd8 44. h7 Nxh7 45. Nxh7 Kd5 46. Kd3 Nc6 47. Bc3 e5 48. Nxg5 Nd8 49. Bd2 Nc6 50. Bc3 Nd8 51. Ne4 Nc6 52. Bd2 Ne7 53. Nc5 Nf5 54. Nxa6 e4+ 55. Kc3 e3 56. Be1 Nd4 57. Nc7+ 1-0

[Event "50th Ciudad Sevilla 2024"]
[Site "Sevilla"]
[Date "2025.01.13"]
[Round "4.8"]
[White "Van Zyl-Rudd, Jack"]
[Black "Mitusov, Semen"]
[Result "0-1"]
[Annotator "RC"]
[ECO "D20"]
[WhiteElo "2248"]
[BlackElo "2463"]
[PlyCount "122"]
[EventDate "2025.01.10"]
[EventType "swiss"]
[EventCountry "ESP"]
[SourceTitle "playchess.com"]
[Source "ChessBase"]
[SourceQuality "1"]
[TimeControl "90+30"]

1. d4 d5 2. c4 dxc4 3. e4 Nf6 4. e5 Nd5 5. Bxc4 Nc6 6. Ne2 Bf5 7. O-O e6 8. Nbc3 Nb6 9. Bd3 Bxd3 10. Qxd3 Nxe5 11. Qe4 Nc6 12. Rd1 Nd5 13. Nf4 Nce7 14. Qe5 c6 15. Qh5 Nf6 16. Qg5 Ng6 17. Nh5 Nxh5 18. Qxh5 Be7 19. Rd3 Qb6 20. Be3 Qxb2 21. Qd1 Qa3 22. d5 Ne5 23. Bc1 Qa5 24. Re3 Nc4 25. dxc6 Rd8 26. Rd3 O-O 27. Bf4 bxc6 28. Qe2 Bf6 29. Rc1 Rxd3 30. Qxd3 Nb2 31. Qc2 Rd8 32. Ne4 Nd3 33. Nxf6+ gxf6 34. Bd2 Qd5 35. Rf1 c5 36. Be3 f5 37. Rd1 Rd7 38. Bh6 f6 39. h4 c4 40. Rb1 Kf7 41. Qe2 Kg6 42. Be3 h5 43. Rb8 f4 44. Bd2 Rg7 45. Bc3 e5 46. Rh8 f3 47. Qxf3 Qxf3 48. gxf3 Nf4 49. Bd2 Kf5+ 50. Kf1 Rd7 51. Ke1 Rd3 52. Rc8 Ng2+ 53. Ke2 Rd4 54. Ra8 Nxh4 55. Rxa7 Nxf3 56. Be3 Ng1+ 57. Kf1 Rd1+ 58. Kg2 Ne2 59. Rh7 c3 60. Rxh5+ Kg6 61. Rh6+ Kg7 0-1

[Event "50th Ciudad Sevilla 2024"]
[Site "Sevilla"]
[Date "2025.01.13"]
[Round "4.9"]
[White "Urazayev, Arystanbek"]
[Black "Soumya, Swaminathan"]
[Result "1-0"]
[Annotator "ChessBase"]
[ECO "B30"]
[WhiteElo "2448"]
[BlackElo "2243"]
[PlyCount "95"]
[EventDate "2025.01.10"]
[EventType "swiss"]
[EventCountry "ESP"]
[SourceTitle "playchess.com"]
[Source "ChessBase"]
[SourceQuality "1"]
[TimeControl "90+30"]

1. e4 c5 2. Nf3 Nc6 3. Bb5 e6 4. O-O Nge7 5. d4 cxd4 6. Nxd4 Ng6 7. c3 Be7 8. Be3 O-O 9. Nd2 a6 10. Bd3 b5 11. Qh5 Bb7 12. Nxc6 dxc6 13. Bc2 c5 14. f4 f5 15. exf5 exf5 16. Nf3 Qd5 17. Rad1 Qe6 18. Rfe1 Qf6 19. Rd7 Bc8 20. Rd2 Bd6 21. Ng5 h6 22. Qf3 Bxf4 23. Qxa8 Qxg5 24. Bxf4 Nxf4 25. Kh1 h5 26. Rf2 h4 27. Qf3 Ng6 28. Kg1 c4 29. h3 Kh7 30. Bd1 Kh6 31. Bc2 Rf6 32. Kh1 Bd7 33. Qe3 f4 34. Qd2 Bc6 35. Be4 Bxe4 36. Rxe4 Kh7 37. Qe2 Qf5 38. Rf1 Rd6 39. b3 cxb3 40. axb3 Kh6 41. c4 bxc4 42. Rxc4 Rd3 43. b4 Rd5 44. Qe4 Qd7 45. Rc5 Rd4 46. Qf3 Kh7 47. Qh5+ Kg8 48. Qxg6 1-0

[Event "50th Ciudad Sevilla 2024"]
[Site "Sevilla"]
[Date "2025.01.13"]
[Round "4.10"]
[White "Zhukenov, Aituar"]
[Black "Ilinca, Felix-Antonio"]
[Result "1/2-1/2"]
[Annotator "RC"]
[ECO "D35"]
[WhiteElo "2235"]
[BlackElo "2440"]
[PlyCount "60"]
[EventDate "2025.01.10"]
[EventType "swiss"]
[EventCountry "ESP"]
[SourceTitle "playchess.com"]
[Source "ChessBase"]
[SourceQuality "1"]
[TimeControl "90+30"]

1. d4 d5 2. c4 e6 3. Nc3 Nf6 4. cxd5 exd5 5. Bf4 Bd6 6. Bxd6 Qxd6 7. e3 O-O 8. Bd3 Bg4 9. Qc2 c6 10. Nge2 Bxe2 11. Nxe2 Nbd7 12. O-O Rfe8 13. b4 a5 14. b5 Rec8 15. Rfc1 g6 16. bxc6 bxc6 17. a4 c5 18. dxc5 Nxc5 19. Qd1 Ne6 20. Bb5 h5 21. h3 Ne4 22. Ra2 Rxc1 23. Qxc1 Rd8 24. Qe1 Qb6 25. Rc2 N4c5 26. Qa1 d4 27. exd4 Nb3 28. Qc3 Nbxd4 29. Nxd4 Rxd4 30. Rd2 Rxd2 1/2-1/2